AoeStats
← Jorand323

Arabia

509672483Analyzed
1v1 RM · 6d ago on Sep 27, 2026· 73m 4s· 2 players
Game mode
Random Map
Map size
Tiny (2 player)
Population
200
Speed
Normal
Resources
Standard
Victory
Conquest
Starting age
Dark Age
Ending age
Imperial Age
RankedLock teamsTeams togetherTeam positionsShared explorationLock speedFull tech treeHidden civsTurbo modeCheats
Victory
Defeat
🇨🇴 Magyars · Colombia
729
+19
🇺🇸 Danes · United States
786
-19
Seamus Slicksworth
10:13 Feudal Age
10:06 Loom
10:23 Man-at-Arms
11:04 Double-Bit Axe
11:28 Town Watch
12:15 Horse Collar
14:00 Arson
16:58 Forging
18:02 Scale Mail Armor
18:18 Fletching
20:14 Padded Archer Armor
28:42 Castle Age
27:22 Scale Barding Armor
28:34 Stone Mining
28:35 Gold Mining
28:43 Gold Mining
28:48 Long Swordsman
29:42 Bloodlines
28:56 Elite Skirmisher
29:18 Crossbowman
30:32 Gambesons
31:44 Bodkin Arrow
32:07 Light Cavalry
33:24 Pikeman
36:29 Ballistics
39:02 Husbandry
41:34 Masonry
44:42 Imperial Age
43:47 Squires
45:19 Chain Barding Armor
45:43 Leather Archer Armor
45:53 Halberdier
48:07 Plate Barding Armor
49:43 Ring Archer Armor
49:39 Bracer
50:46 Chain Mail Armor
51:21 Sanctity
51:59 Wheelbarrow
52:05 Illumination
54:44 Theocracy
56:49 Thumb Ring
57:44 Bow Saw
59:05 Conscription
59:57 Iron Casting
59:47 Two-Handed Swordsman
61:58 Hand Cart
Jorand323
0:26 Loom
11:09 Feudal Age
12:45 Double-Bit Axe
17:27 Padded Archer Armor
20:43 Castle Age
27:48 Bow Saw
30:38 Wheelbarrow
32:41 Scale Mail Armor
34:05 Scale Barding Armor
34:16 Chain Mail Armor
38:47 Imperial Age
36:51 Crossbowman
37:31 Man-at-Arms
38:14 Long Swordsman
43:12 Pikeman
46:17 Town Watch
46:48 Hand Cart
46:13 Arbalester
46:58 Thumb Ring
47:52 Fletching
49:35 Bodkin Arrow
49:56 Leather Archer Armor
52:15 Elite Skirmisher
52:31 Elite Magyar Huszar
54:24 Two-Man Saw
61:26 Chemistry
60:48 Ballistics
Connection lost

Rejoining the realm…

Still unreachable

The connection could not be restored.

Session expired

The server has moved on; the page needs a fresh start.